 Dungeon Crawl Stone Soup version 0.28.0 (webtiles) character file.

Game seed: 8318294173836747269

836 fragbeetle the Cleaver (level 7, -2/57 HPs)
             Began as a Hill Orc Fighter on Feb 9, 2022.
             Splashed by a jelly's acid (6 damage)
             ... on level 5 of the Dungeon.
             The game lasted 00:05:00 (4976 turns).

fragbeetle the Cleaver (Hill Orc Fighter)           Turns: 4976, Time: 00:05:01

Health: -2/57      AC: -11   Str: 27    XL:     7   Next: 99%
Magic:  7/7        EV:  6    Int:  8    God:
Gold:   157        SH:  4    Dex: 10    Spells: 6/6 levels left

rFire   . . .      SeeInvis .   a - +0 war axe
rCold   . . .      Faith    .   c - +0 buckler
rNeg    . . .      Spirit   .   h - +0 plate armour
rPois   .          Reflect  .   (no helmet)
rElec   .          Harm     .   (no cloak)
rCorr   .          Rampage  .   (no gloves)
Will    .....                   r - +0 pair of boots
Stlth   ..........              (no amulet)
HPRegen 0.19/turn               g - +6 ring of strength
MPRegen 0.10/turn               (no ring)

@: corroded
A: no striking features
a: no special abilities


You were on level 5 of the Dungeon.
You visited 1 branch of the dungeon, and saw 6 of its levels.

You collected 157 gold pieces.

Inventory:

Hand Weapons
 a - a +0 war axe (weapon)
 o - a +0 hunting sling
 t - a +0 dagger of flaming
Missiles
 k - 6 boomerangs (quivered)
 p - 48 sling bullets
Armour
 b - a +0 scale mail
 c - a +0 buckler (worn)
 h - a +0 plate armour (worn)
 r - a +0 pair of boots (worn)
Jewellery
 g - a +6 ring of strength (left hand)
 q - a ring of protection from cold
Scrolls
 f - a scroll of noise {unknown}
 i - a scroll of vulnerability {unknown}
 l - 3 scrolls of blinking {unknown}
 m - 2 scrolls of enchant armour {unknown}
 n - a scroll of torment {unknown}
 s - a scroll of identify {unknown}
 u - 2 scrolls of fog {unknown}
 v - a scroll of silence {unknown}
Potions
 d - 3 potions of might
 e - 2 potions of flight {unknown}
 j - 5 potions of heal wounds {unknown}
 w - a potion of attraction {unknown}


   Skills:
 - Level 3.6 Fighting
 * Level 11.6 Axes
 - Level 3.2 Armour
 - Level 3.2 Shields


You had 6 spell levels left.
You didn't know any spells.
Your spell library contained the following spells:

 Spells                   Type           Power      Damage    Failure   Level
 Animate Skeleton         Necr           0%         N/A       100%        1
 Pain                     Necr           0%         1d4       100%        1
 Ozocubu's Armour         Ice            0%         N/A       100%        3
 Vampiric Draining        Necr           0%         2d6       100%        3
 Metabolic Englaciation   Hex/Ice        0%         N/A       100%        5
 Simulacrum               Ice/Necr       0%         N/A       100%        6


Dungeon Overview and Level Annotations

Branches:
Dungeon (6/15)
 Temple: D:4-7

Altars:
Gozag
Xom

Annotations:
D:4 1 transporter


Message History

Found a stone staircase leading up.
A jelly comes into view.
A jelly is nearby!
A jelly is nearby!
The jelly hits you but does no damage.
You hit the jelly but do no damage.
Your hands burn!
The jelly hits you but does no damage.
You hit the jelly. The acid corrodes you!
Your hands burn!
The jelly is moderately wounded.
The jelly hits you. The acid corrodes you!
You are splashed with acid!
You hit the jelly but do no damage.
Your hands burn!
The jelly is moderately wounded.
You hit the jelly. The acid corrodes you!
Your hands burn!
The jelly is heavily wounded.
The jelly barely misses you.
You barely miss the jelly.
The jelly is heavily wounded.
The jelly hits you but does no damage.
You hit the jelly but do no damage. The acid corrodes you!
Your hands burn!
The jelly is heavily wounded.
The jelly hits you.
You are splashed with acid!
You are too injured to fight recklessly!
You hit the jelly but do no damage. The acid corrodes you!
Your hands burn!
* * * LOW HITPOINT WARNING * * *
The jelly is heavily wounded.
You block the jelly's attack.
You hit the jelly. The acid corrodes you!
Your hands burn!
* * * LOW HITPOINT WARNING * * *
The jelly is severely wounded.
The jelly hits you.
* * * LOW HITPOINT WARNING * * *
The acid corrodes you!
You are splashed with acid.
* * * LOW HITPOINT WARNING * * *
You hit the jelly.
Your hands burn!
* * * LOW HITPOINT WARNING * * *
The jelly is severely wounded.
The jelly hits you.
* * * LOW HITPOINT WARNING * * *
The acid corrodes you!
You are splashed with acid.
You die...

.# .# .# .#
################ .#
......J@..#<...# .#
############.####.#
.######...............#.#
.#....#.##########.##.#.#
.................>.##...#
..........######...########
#####.#.#.# #..........#
#.#.#.## ##.#.######.#
#.#....#
#<....#####.#######


You could see a jelly.

Vanquished Creatures
  An ice beast (D:5)
  A black bear (D:5)
  An ogre (D:5)
  A phantom (D:5)
  A scorpion (D:5)
  3 hounds
  A bullfrog skeleton (D:5)
  3 orc priests
  An orc wizard (D:3)
  A killer bee zombie (D:5)
  A gnoll (D:1)
  6 adders
  2 ufetubi
  A worm (D:4)
  2 dart slugs (D:3)
  19 orcs
  6 endoplasms
  6 giant cockroaches
  4 goblins
  6 hobgoblins
  8 jackals
  6 quokkas
  5 ball pythons
  4 bats
  5 frilled lizards
  6 kobolds
  A rat (D:2)
102 creatures vanquished.

Vanquished Creatures (others)
  2 plants (D:1)
2 creatures vanquished.

Grand Total: 104 creatures vanquished

Notes
Turn   | Place    | Note
-------+----------+-------------------------------------------
     0 | D:1      | fragbeetle the Hill Orc Fighter began the quest for the
                  | Orb.
     0 | D:1      | Reached XP level 1. HP: 19/19 MP: 1/1
    50 | D:1      | Found a faded altar of an unknown god.
    60 | D:1      | Reached skill level 3 in Axes
    85 | D:1      | Reached XP level 2. HP: 25/26 MP: 2/2
   176 | D:1      | Reached skill level 4 in Axes
   591 | D:1      | Reached XP level 3. HP: 31/31 MP: 3/3
   909 | D:2      | Reached skill level 5 in Axes
   998 | D:2      | Found a shimmering altar of Xom.
  1143 | D:2      | Reached XP level 4. HP: 39/39 MP: 4/4
  2131 | D:3      | Reached skill level 6 in Axes
  2237 | D:3      | Reached XP level 5. HP: 34/45 MP: 5/5
  2537 | D:3      | Reached skill level 7 in Axes
  3108 | D:4      | Reached skill level 8 in Axes
  3108 | D:4      | Reached XP level 6. HP: 43/51 MP: 6/6
  3555 | D:4      | Found a transporter.
  3558 | D:4      | Noticed a fire bat
  3558 | D:4      | Noticed a fire bat
  3559 | D:4      | Noticed a fire bat
  3919 | D:4      | You fall into a shaft and drop 2 floors!
  3942 | D:5      | Entered Level 5 of the Dungeon
  4055 | D:5      | Reached skill level 9 in Axes
  4064 | D:5      | Reached XP level 7. HP: 47/57 MP: 7/7
  4157 | D:5      | Found an opulent altar of Gozag.
  4224 | D:5      | Reached skill level 10 in Axes
  4675 | D:5      | Reached skill level 11 in Axes
  4976 | D:5      | Splashed by a jelly's acid

Illustrated notes

Levels and vault maps discovered:
D:1:      nagdon_arrival_zigzag_paths, layout_basic,
          ebering_ecumenical_altar_sacrificial, serial_bayou_ford_a
D:2:      layout_loops_ring, basic_altar
D:3:      layout_basic
D:4:      gammafunk_cloud_chamber, layout_loops_corners, serial_shops,
          nicolae_shop_stone
D:5:      layout_basic, grunt_gozag_breadcrumbs, st_stairs_6,
          roderic_malta_cross
D:6:      layout_loops_ring, minmay_temple_entry_offerings,
          minmay_manual_monolith

Skill      XL: |  1  2  3  4  5  6  7 |
---------------+----------------------+-----
Axes           | 3 4 5 6 8 9 11 | 11.6
Fighting       | |  3.6
Armour         | |  3.2
Shields        | |  3.2

Action                   |  1- 3 |  4- 6 |  7- 9 || total
-------------------------+-------+-------+-------++-------
Melee: War axe           |    76 |   156 |    67 ||   299
Armor: Scale mail        |    40 |    23 |       ||    63
       Plate armour      |       |    40 |    34 ||    74
Dodge: Dodged            |    39 |    43 |    21 ||   103
Block: Buckler           |    15 |    20 |    19 ||    54
